 Dungeon Crawl Stone Soup version 0.29.1-12-g30fa7ad0bf (webtiles) character file.

Game seed: 3464262209236214737

21791 hawla the Thaumaturge (level 13, -8/95 HPs)
             Began as a Meteoran Ice Elementalist on Jan 18, 2023.
             Was a Believer of Vehumet.
             Mangled by an eight-headed hydra simulacrum (18 damage)
             ... on level 1 of the Swamp on Jan 19, 2023.
             The game lasted 00:40:01 (5854 turns).

hawla the Thaumaturge (Meteoran Ice Elementalist)   Turns: 5854, Time: 00:40:03

Health: -8/95      AC:  6    Str: 11    XL:     13   Next: 54%
Magic:  27/27      EV: 16    Int: 27    God:    Vehumet [**....]
Gold:   722        SH:  0    Dex: 21    Spells: 17/35 levels left

rFire   + . .      SeeInvis +   p - +5 long sword of Arrival {flame, *Slow rF+ SInv}
rCold   . . .      Faith    .   (no shield)
rNeg    . . .      Spirit   .   a - +2 robe
rPois   .          Reflect  .   (no helmet)
rElec   .          Harm     .   u - +0 cloak
rCorr   .          Rampage  .   (no gloves)
Will    +....                   n - +0 pair of boots
Stlth   +.........              f - amulet of magic regeneration
HPRegen 1.05/turn               d - +6 ring of intelligence
MPRegen 0.60/turn               o - +6 ring of dexterity

@: glowing, unable to drink
A: sense surroundings 2, otherworldly, glowing, explore regen, low MP 1,
regeneration 1, inability to drink after injury 1, MP-powered wands
a: Renounce Religion


You were on level 1 of the Swamp.
You worshipped Vehumet.
Vehumet was pleased with you.
You visited 4 branches of the dungeon, and saw 14 of its levels.
You also visited: Ice Cave.

You collected 722 gold pieces.

Inventory:

Hand Weapons
 p - the +5 long sword of Arrival (weapon) {flame, *Slow rF+ SInv}
   (You found it on level 6 of the Dungeon)

   It burns those it strikes, dealing additional fire damage.
   Big, fiery blades are also staple armaments of hydra-hunters.
   rF:        It protects you from fire.
   SInv:      It lets you see invisible.
   *Slow:     It may slow you when you take damage.
 v - a +3 great sword of holy wrath
Armour
 a - a +2 robe (worn)
 n - a +0 pair of boots (worn)
 u - a +0 cloak (worn)
Jewellery
 d - a +6 ring of intelligence (left hand)
 f - an amulet of magic regeneration (around neck)
 j - a +4 ring of protection
 m - a ring of wizardry
 o - a +6 ring of dexterity (right hand)
Scrolls
 b - 2 scrolls of immolation
 c - a scroll of amnesia
 h - 3 scrolls of enchant armour
 l - 5 scrolls of teleportation
 w - a scroll of silence {unknown}
 x - 3 scrolls of magic mapping
 y - a scroll of enchant weapon
 A - a scroll of identify
Potions
 e - 3 potions of heal wounds
 g - 3 potions of attraction
 i - 2 potions of curing
 k - 2 potions of berserk rage
 q - a potion of cancellation
 r - 2 potions of brilliance
 s - a potion of lignification
 t - 2 potions of mutation
Miscellaneous
 z - a phantom mirror


   Skills:
 + Level 3.5 Fighting
 + Level 11.5 Long Blades
 + Level 5.9 Dodging
 - Level 1.4 Stealth
 + Level 11.9 Spellcasting
 + Level 9.1 Conjurations
 + Level 8.8 Transmutations
 + Level 11.0 Ice Magic
 + Level 6.3 Poison Magic
 + Level 3.2 Evocations


You had 17 spell levels left.
You knew the following spells:

 Your Spells              Type           Power      Damage    Failure   Level
a - Freeze                Ice            100%       1d11      1%          1
b - Searing Ray           Conj           100%       2d8       1%          2
c - Frozen Ramparts       Ice            100%       1d16      1%          3
d - Hailstorm             Conj/Ice       63%        3d13      1%          4
e - Irradiate             Conj/Tmut      29%        3d21      2%          5
f - Inner Flame           Hex/Fire       16%        N/A       11%         3

Your spell library contained the following spells:

 Spells                   Type           Power      Damage    Failure   Level
 Beastly Appendage        Tmut           100%       N/A       1%          1
 Magic Dart               Conj           100%       1d8       1%          1
 Wereblood                Tmut           59%        N/A       1%          2
 Conjure Flame            Conj/Fire      40%        6-21      1%          3
 Ignite Poison            Fire/Tmut/Pois 43%        N/A       1%          3
 Ozocubu's Armour         Ice            66%        N/A       1%          3
 Spider Form              Tmut/Pois      54%        N/A       1%          3
 Apportation              Tloc           32%        N/A       3%          1
 Slow                     Hex            64%        N/A       3%          1
 Alistair's Intoxication  Tmut/Pois      36%        N/A       4%          5
 Sublimation of Blood     Necr           16%        N/A       5%          2
 Fulminant Prism          Conj/Hex       20%        3d13      5%          4
 Petrify                  Tmut/Erth      40%        N/A       5%          4
 Sticky Flame             Conj/Fire      40%        2d6       5%          4
 Confusing Touch          Hex            16%        N/A       11%         3
 Gell's Gravitas          Tloc           16%        N/A       11%         3
 Lesser Beckoning         Tloc           16%        N/A       11%         3
 Portal Projectile        Hex/Tloc       32%        N/A       11%         3
 Teleport Other           Tloc           16%        N/A       11%         3
 Vampiric Draining        Necr           16%        2d7       11%         3
 Anguish                  Hex/Necr       8%         N/A       34%         4
 Cause Fear               Hex            8%         N/A       34%         4


Dungeon Overview and Level Annotations

Branches:
Dungeon (8/15) Zot: 1416   Temple (1/1) D:5 Zot: 425    Lair (4/5) D:8 Zot: 153
  Swamp (1/4) Lair:2 Zot: 596   Snake (0/4) Lair:3        IceCv (visited)
  Slime: Lair:4-5

Altars:
Ashenzari
Cheibriados
Dithmenos
Elyvilon
Fedhas
Gozag
Hepliaklqana
Kikubaaqudgha
Makhleb
Nemelex Xobeh
Okawaru
Qazlal
Ru
Sif Muna
Trog
Vehumet
Wu Jian
Xom
Yredelemnul
Zin
The Shining One

Portals:
Abyss: D:7

Annotations:
D:7 hawla's ghost, novice MeFE


Innate Abilities, Weirdness & Mutations

You passively map the area around you.
You are easily found by Zot.
You glow in the dark.
You regain HP and MP as you explore.
Your magical capacity is low. (-10% MP)
Your natural rate of healing is unusually fast.
You occasionally lose the ability to drink potions when taking damage.
You expend magic power (3 MP) to strengthen your wands.


Message History

There is a stone staircase leading down here.
There is a stone staircase leading up here.
You climb upwards.
There is a stone staircase leading down here.
There is a staircase to the Swamp here.
You climb downwards.
Welcome to the Swamp!
This branch is noisy: sounds don't travel as far here.
This branch contains the decaying rune of Zot.
There is a staircase back to the Lair here.
There are monsters nearby!
Okay, then.
Okay, then.
You climb upwards.
Welcome back to the Lair of Beasts!
There is a staircase to the Swamp here.
This spell is dangerous to cast!
Memorise Inner Flame, consuming 3 spell levels and leaving 17?
Vehumet grants you knowledge of Inner Flame.
You start memorising the spell.
You continue memorising. x3
You finish memorising.
You add the spell Inner Flame to your library.
Spell assigned to 'f'.
You climb downwards.
Welcome back to the Swamp!
This branch is noisy: sounds don't travel as far here.
This branch contains the decaying rune of Zot.
The bloated husk explodes!
The blast of putrescent gases engulfs the swamp dragon simulacrum!!
The swamp dragon simulacrum vaporises!
The blast of putrescent gases engulfs you!!
The blast of putrescent gases engulfs the eight-headed hydra simulacrum!!
The eight-headed hydra simulacrum bites you.
The eight-headed hydra simulacrum freezes you!
The eight-headed hydra simulacrum closely misses you.
The eight-headed hydra simulacrum bites you.
The eight-headed hydra simulacrum freezes you!!
You feel threatened and lose the ability to drink potions!
* * * LOW HITPOINT WARNING * * *
The eight-headed hydra simulacrum bites you.
* * * LOW HITPOINT WARNING * * *
The eight-headed hydra simulacrum freezes you!!
You die...

~ * , , ~~~ * ,
,*
~~~~~~~§~§.~~~~
~* *
~~~~§~~~~~.~~~~
* * ~
§.~~~t~~~~.~~. *
, ~
~vW....~~.... *
, ,*♣...~~~.~♣*
* * ~
♣..^~~~.♣♣♣ * ,~
♣♣~.~~.~~~♣~, ,
, * ♣~.☼@Z.~.~.♣
, , ,~ ,,*
♣....Z.~♣♣.~ ~ ,
*♣♣♣.~.Z...~~~,,
* ♣♣........ ~~
~ ~ ~*
♣♣.......~ * ,
.~.~.~~, , ~ ~ ,
* ##+##.. , ~
..,* ** ~ ,*


You could see a ghost crab, a will-o-the-wisp, a wraith, an eight-headed hydra
simulacrum and 2 swamp dragon zombies.

Vanquished Creatures
  Rupert (Lair:3)
  Snorg (Lair:4)
  2 boulder beetles
  A death yak (Lair:4)
  Nergalle (Lair:3)
  Sonja (Lair:1)
  9 elephants (Lair:4)
  4 cane toads
  A black mamba (Lair:3)
  4 komodo dragons
  2 rime drakes (Lair:2)
  A freezing wraith (IceCv)
  A hornet (D:7)
  8 blink frogs
  A spriggan (Lair:4)
  25 yaks
  3 wyverns
  2 basilisks (Lair:4)
  A naga (Lair:3)
  6 water moccasins
  A small abomination (D:7)
  2 black bears
  A sky beast (D:7)
  An ogre (D:7)
  10 wolves (Lair:4)
  11 bullfrogs
  12 scorpions
  A gnoll sergeant (D:7)
  6 killer bees (D:7)
  3 elephant simulacra (IceCv)
  2 electric eels (Lair:3)
  4 hounds
  2 orc priests
  An iron imp (D:7)
  2 jellies
  2 iguanas
  Natasha (D:3)
  4 orc wizards
  A wolf simulacrum (IceCv)
  4 gnolls (D:5)
  3 adders (D:4)
  2 white imps (D:5)
  An ufetubus (D:5)
  A worm (D:2)
  3 dart slugs
  29 orcs
  4 endoplasms
  A giant cockroach (D:2)
  5 goblins
  2 hobgoblins
  3 jackals (D:5)
  3 kobolds
  4 quokkas
  2 ball pythons (D:4)
  3 bats
  4 frilled lizards
  5 rats
221 creatures vanquished.

Vanquished Creatures (others)
  A bloated husk (Swamp:1)
  A human (D:4)
  A swamp dragon simulacrum (Swamp:1)
  11 fungi
  15 plants
29 creatures vanquished.

Grand Total: 250 creatures vanquished

Notes
Turn   | Place    | Note
-------+----------+-------------------------------------------
     0 | D:1      | hawla the Meteoran Ice Elementalist began the quest for the
                  | Orb.
     0 | D:1      | Reached XP level 1. HP: 14/14 MP: 5/5
    98 | D:2      | Reached XP level 2. HP: 20/20 MP: 0/6
   146 | D:2      | Learned a level 2 spell: Searing Ray
   216 | D:2      | Reached skill level 1 in Conjurations
   260 | D:2      | Found an ancient bone altar of Kikubaaqudgha.
   262 | D:2      | Reached XP level 3. HP: 26/26 MP: 4/8
   266 | D:2      | Learned a level 3 spell: Frozen Ramparts
   280 | D:3      | Noticed Natasha
   287 | D:2      | Reached skill level 5 in Ice Magic
   287 | D:2      | Reached XP level 4. HP: 18/33 MP: 0/9
   343 | D:2      | Got the Volume of Rotation
   423 | D:3      | Found a white marble altar of Elyvilon.
   432 | D:3      | Killed Natasha
   433 | D:3      | Reached XP level 5. HP: 39/39 MP: 1/11
   438 | D:3      | Learned a level 4 spell: Hailstorm
   550 | D:4      | Reached XP level 6. HP: 46/46 MP: 1/12
   618 | D:4      | Reached skill level 5 in Conjurations
   687 | D:4      | Reached XP level 7. HP: 29/51 MP: 6/14
   725 | D:4      | Found an opulent altar of Gozag.
   769 | D:4      | Found a glowing silver altar of Zin.
   815 | D:4      | Found an ancient bone altar of Kikubaaqudgha.
   816 | D:4      | Noticed a human
   818 | D:4      | Killed a human
   831 | D:4      | Found a glowing golden altar of the Shining One.
  1070 | D:5      | Entered Level 5 of the Dungeon
  1076 | D:5      | Reached skill level 1 in Fighting
  1131 | D:5      | Reached skill level 5 in Spellcasting
  1242 | D:5      | Found a staircase to the Ecumenical Temple.
  1251 | Temple   | Entered the Ecumenical Temple
  1476 | D:5      | Reached XP level 8. HP: 59/59 MP: 0/16
  1997 | D:5      | Found a hazy altar of Hepliaklqana.
  2103 | D:5      | Found a burning altar of Makhleb.
  2301 | D:6      | Identified the +5 long sword of Arrival {flame, *Slow rF+
                  | SInv}
  2567 | D:6      | Found a snail-covered altar of Cheibriados.
  2669 | D:6      | Gained mutation: You passively map the area around you.
                  | [Meteoran growth]
  2669 | D:6      | Reached XP level 9. HP: 64/64 MP: 15/20
  2796 | D:7      | Gained mutation: You expend magic power (3 MP) to
                  | strengthen your wands. [potion of mutation]
  2796 | D:7      | Gained mutation: Your magical capacity is low. (-10% MP)
                  | [potion of mutation]
  2796 | D:7      | Gained mutation: You occasionally lose the ability to drink
                  | potions when taking damage. [potion of mutation]
  2796 | D:7      | Gained mutation: Your natural rate of healing is unusually
                  | fast. [potion of mutation]
  2818 | D:7      | Found a transporter.
  2829 | D:7      | Reached skill level 1 in Long Blades
  2840 | D:7      | Found a transporter.
  2877 | D:7      | Learned a level 5 spell: Irradiate
  2881 | D:7      | Found a one-way gate to the infinite horrors of the Abyss.
  2881 | D:7      | Noticed hawla's ghost (novice MeFE)
  2925 | D:7      | Reached skill level 1 in Transmutations
  2944 | D:7      | Noticed a hornet
  2949 | D:7      | Paralysed by a hornet for 3 turns
  2951 | D:7      | Killed a hornet
  3159 | D:7      | Reached skill level 5 in Transmutations
  3284 | D:7      | Found a radiant altar of Vehumet.
  3303 | D:7      | Found a stormy altar of Qazlal.
  3326 | D:7      | Became a worshipper of Vehumet
  3368 | D:7      | Reached XP level 10. HP: 73/73 MP: 16/20
  3424 | D:7      | Noticed a cyan ugly thing
  3546 | D:8      | Found a staircase to the Lair.
  3558 | D:8      | Learned a level 5 spell: Alistair's Intoxication
  3560 | Lair:1   | Entered Level 1 of the Lair of Beasts
  3566 | Lair:1   | Noticed a komodo dragon
  3573 | Lair:1   | Reached skill level 5 in Poison Magic
  3573 | Lair:1   | Killed a komodo dragon
  3610 | Lair:1   | Reached XP level 11. HP: 51/80 MP: 7/22
  3627 | Lair:1   | Reached skill level 5 in Dodging
  3733 | Lair:1   | Noticed Sonja
  3738 | Lair:1   | Killed Sonja
  3738 | Lair:1   | Reached * piety under Vehumet
  3738 | Lair:1   | Offered knowledge of Foxfire by Vehumet.
  3915 | Lair:1   | You fall into a shaft and drop 1 floor!
  3939 | Lair:2   | Reached skill level 10 in Spellcasting
  3985 | Lair:2   | Reached skill level 10 in Ice Magic
  4174 | Lair:2   | Found a frozen archway.
  4269 | IceCv    | Entered an ice cave
  4297 | IceCv    | Noticed an ice statue
  4305 | IceCv    | Reached XP level 12. HP: 30/89 MP: 25/25
  4412 | Lair:2   | Noticed a boulder beetle
  4443 | Lair:2   | Killed a boulder beetle
  4444 | Lair:2   | Found a staircase to the Swamp.
  4501 | Lair:3   | Noticed Rupert
  4508 | Lair:3   | Killed Rupert
  4735 | Lair:3   | Found a staircase to the Snake Pit.
  4757 | Lair:3   | Noticed Nergalle
  4766 | Lair:3   | Killed Nergalle
  4767 | Lair:3   | Reached skill level 5 in Long Blades
  4834 | Lair:3   | Identified the +7 sling of Subourph {flame, rC- Will+
                  | Dex+2}
  5068 | Lair:4   | Noticed Snorg
  5076 | Lair:4   | Reached ** piety under Vehumet
  5076 | Lair:4   | Offered knowledge of Scorch by Vehumet.
  5082 | Lair:4   | Killed Snorg
  5194 | Lair:4   | Reached XP level 13. HP: 89/95 MP: 17/27
  5332 | Lair:4   | Reached skill level 10 in Long Blades
  5344 | Lair:4   | Noticed a boulder beetle
  5354 | Lair:4   | Killed a boulder beetle
  5400 | Lair:4   | Noticed a death yak
  5403 | Lair:4   | Offered knowledge of Inner Flame by Vehumet.
  5404 | Lair:4   | Killed a death yak
  5846 | Swamp:1  | Entered Level 1 of the Swamp
  5846 | Swamp:1  | Noticed a ghost crab
  5853 | Lair:2   | Learned a level 3 spell: Inner Flame
  5854 | Swamp:1  | Mangled by an eight-headed hydra simulacrum

Illustrated notes

Levels and vault maps discovered:
D:1:      psy_arrival_radial01, layout_basic, serial_bayou_lagoon_a
D:2:      layout_basic, serial_shops, shop, basic_altar
D:3:      layout_rooms, mainiacjoe_overflow_small_starburst,
          ebering_ecumenical_altar_hall, eino_tiny_chamber, uniq_natasha
D:4:      layout_cave_pools, pdpol_temple_overflow_zin_treasury_gozag_greed,
          mainiacjoe_overflow_concentric_impassable, tgw_kikubaaqudgha,
          chequers_avenue
D:5:      layout_cave_pods, nzn_hepliaklqana_mist_gate,
          makhleb_heckhound_becter, minmay_temple_entry_poolview
D:6:      layout_basic, lemuel_coloured_pillars_altar
D:7:      layout_gridville, mainiacjoe_overflow_catwalk_spiral,
          gammafunk_ghost_abyssal_escape, kennysheep_generic_room_3
D:8:      layout_loops_ring, nicolae_uskayaw_murder_on_the_dancefloor,
          lair_entry_dummy
Temple:   nicolae_temple_bog_church
Lair:1:   layout_roguey, uniq_sonja
Lair:2:   statuecave_lemuel, layout_regular_city, swamp_mist,
          portal_ice_cave_rime
Lair:3:   layout_hall_layers, guppyfry_snake_entry_garden, serial_bayou_shore_a,
          uniq_nergalle, uniq_rupert
Lair:4:   layout_roguey, chequers_serial_rivers_large_b,
          grunt_forest_large_clearing_hut, uniq_snorg
Swamp:1:  layout_basic_swamp, nicolae_swamp_oxbows,
          nicolae_swamp_necromancer_hut, uniq_josephine

Skill      XL: |  1  2  3  4  5  6  7  8  9 10 11 12 13 |
---------------+----------------------------------------+-----
Spellcasting   | 3 4 5 6 7 9 11 | 11.9
Conjurations   | 1 4 5 6 7 8 9 |  9.1
Ice Magic      | 5 6 7 9 10 11 | 11.0
Fighting       | 1 2 3 |  3.5
Dodging        | 4 5 |  5.9
Long Blades    | 2 4 8 11 | 11.5
Transmutations | 6 7 8 |  8.8
Poison Magic   | 6 |  6.3
Evocations     | 3 |  3.2
Stealth        | |  1.4

Action                   |  1- 3 |  4- 6 |  7- 9 | 10-12 | 13-15 || total
-------------------------+-------+-------+-------+-------+-------++-------
Melee: Unarmed           |    14 |     4 |    16 |       |       ||    34
       Punch             |       |       |     1 |       |       ||     1
       Long sword        |       |       |    34 |    58 |    28 ||   120
 Cast: Freeze            |    12 |    18 |    35 |    25 |       ||    90
       Searing Ray       |     7 |     5 |     6 |    18 |       ||    36
       Frozen Ramparts   |     1 |     6 |    15 |    13 |     6 ||    41
       Hailstorm         |       |     5 |    27 |    44 |    15 ||    91
       Irradiate         |       |       |       |    14 |     4 ||    18
Evoke: Wand              |       |       |     1 |     4 |       ||     5
  Use: Potion            |       |     1 |     1 |     6 |       ||     8
       Scroll            |       |       |    13 |    12 |     1 ||    26
Armor: Robe              |     4 |     9 |    23 |    32 |    15 ||    83
Dodge: Dodged            |    13 |    19 |    61 |    99 |    15 ||   207
